 Dungeon Crawl Stone Soup version 0.28.0-53-g5a82cb258f (webtiles) character file.

Game seed: 15329403366539739176

510 H0rd4k the Charlatan (level 7, -1/47 (52) HPs)
             Began as a Human Artificer on July 20, 2022.
             Slain by a goblin
             ... wielding a +0 club
              (2 damage)
             ... on level 4 of the Dungeon.
             The game lasted 00:06:03 (5848 turns).

H0rd4k the Charlatan (Human Artificer)              Turns: 5848, Time: 00:06:04

HP:   -1/47 (52)    AC:  0    Str: 12    XL:     7   Next: 42%
MP:   7/7           EV: 12    Int: 13    God:
Gold: 213           SH:  5    Dex: 14    Spells: 6/6 levels left

rFire   . . .      SeeInvis .   f - +1 dagger (holy)
rCold   + . .      Faith    .   (no shield)
rNeg    . . .      Spirit   .   b - +0 leather armour
rPois   +          Reflect  +   r - +0 helmet
rElec   .          Harm     .   i - scarf {repulsion}
rCorr   .          Rampage  .   (no gloves)
Will    .....      Rage     1%  (no boots)
Stlth   +.........              k - amulet of reflection
HPRegen 0.15/turn               o - ring of poison resistance
MPRegen 0.10/turn               h - ring of protection from cold

@: corroded, drained, repel missiles
A: berserk 1, no potion heal 1
a: no special abilities


You were on level 4 of the Dungeon.
You visited 1 branch of the dungeon, and saw 4 of its levels.

You collected 213 gold pieces.

Inventory:

Hand Weapons
 f - a +1 dagger of holy wrath (weapon)
 g - a +1 dagger of freezing
 s - a +4 flail
Armour
 b - a +0 leather armour (worn)
 i - a scarf of repulsion (worn)
 r - a +0 helmet (worn)
Jewellery
 h - a ring of protection from cold (right hand)
 k - an amulet of reflection (around neck)
 o - a ring of poison resistance (left hand)
Wands
 d - a wand of charming (6)
Scrolls
 a - a scroll of immolation {unknown}
 j - a scroll of blinking {unknown}
 l - 3 scrolls of identify {unknown}
 p - a scroll of amnesia {unknown}
 q - a scroll of brand weapon {unknown}
Potions
 c - a potion of mutation
 m - a potion of magic
 n - 2 potions of lignification {unknown}
Miscellaneous
 e - a piece from Xom's chessboard (15/15)


   Skills:
 + Level 3.0 Fighting
 + Level 3.3 Short Blades
 + Level 1.1 Maces & Flails
 - Level 2.0 Armour
 + Level 3.6 Dodging
 - Level 1.0 Stealth
 + Level 1.2 Shields
 + Level 4.7 Evocations


You had 6 spell levels left.
You didn't know any spells.
Your spell library was empty.

Dungeon Overview and Level Annotations

Branches:
Dungeon (4/15)
 Temple: D:4-7

Altars:
Xom
Zin

Portals:
Abyss: D:3

Annotations:
D:1 exclusion: 2 downstairs
D:2 1 runed translucent door, exclusion: door, Crazy Yiuf
D:3 2 transporters, Peloso's ghost, amateur MiFi


Innate Abilities, Weirdness & Mutations

You tend to lose your temper in combat.
Potions are less effective at restoring your health.


Message History

You hit the orc.
The orc is severely wounded.
The orc hits you with a +0 hand axe. The orc hits you with a +0 hand axe.
The orc wizard points at you and mumbles some strange words.
You are confused.
The orc wizard gestures wildly while chanting.
The orc wizard flickers and vanishes!
Deactivating autopickup; reactivate with Ctrl-A.
You bump into the rock wall.
You bump into the rock wall.
The orc barely misses you.
You bump into the rock wall.
You feel less confused. The jelly closely misses you.
The orc closely misses you.
You hear some strange, mumbled words.
You are confused.
The jelly hits you. The acid corrodes you!
You are splashed with acid!
The jelly barely misses you. Something hits you.
You feel less confused. The jelly hits you.
You are splashed with acid!
Something hits you.
You hit the jelly.
Your hands burn!
The jelly is lightly wounded.
The jelly hits you.
You are splashed with acid.
* * * LOW HITPOINT WARNING * * *
Something hits you.
* * * LOW HITPOINT WARNING * * *
The goblin hits you with a +0 club.
* * * LOW HITPOINT WARNING * * *
The orc closely misses you.
There is a stone staircase leading down, spattered with blood here.
The orc hits you with a +0 dagger.
* * * LOW HITPOINT WARNING * * *
It was a potion of mutation.
You feel extremely strange.
You feel a little pissed off.
Your system partially rejects the healing effects of potions.
The goblin closely misses you. The orc closely misses you.
It was a potion of magic.
Magic courses through your body. The goblin hits you with a +0 club.
You die...

.......####.###
........##....## .
#..#......#.. #
##.........## ##
#..........# .##
##.......... ..##
##.......... #..##
########...........
##..##
##.@...#..#......##.
##..##
#.Jog....#########
##..## #..o....##
###.## #......##
##.### ##.....#
##..## ##...## .
##..## ##...##### ..
##..###..#.#.#.#(#.
#.................


You could see a jelly, 2 orcs and a goblin.

Vanquished Creatures
  A scorpion (D:4)
  3 wights (D:4)
  2 hounds
  A centaur skeleton (D:4)
  An iguana (D:3)
  An orc wizard (D:3)
  Robin (D:2)
  A gnoll (D:4)
  5 adders
  A white imp (D:4)
  An adder skeleton (D:4)
  2 dart slugs
  2 orcs (D:3)
  9 bats
  6 endoplasms
  3 giant cockroaches
  9 hobgoblins
  4 quokkas
  5 ball pythons
  A frilled lizard (D:2)
  18 goblins
  4 kobolds
  4 rats
85 creatures vanquished.

Vanquished Creatures (collateral kills)
  A gnoll (D:4)
  A howler monkey skeleton (D:4)
  An adder (D:4)
  3 orcs
  An endoplasm (D:4)
  A goblin (D:4)
  A hobgoblin (D:4)
  A kobold (D:4)
  A ball python (D:4)
11 creatures vanquished.

Vanquished Creatures (others)
  A gnoll (D:4)
  A goblin (D:1)
  7 plants (D:4)
9 creatures vanquished.

Grand Total: 105 creatures vanquished

Notes
Turn   | Place    | Note
-------+----------+-------------------------------------------
     0 | D:1      | H0rd4k the Human Artificer began the quest for the Orb.
     0 | D:1      | Reached XP level 1. HP: 15/15 MP: 1/1
   144 | D:1      | Reached XP level 2. HP: 11/21 MP: 2/2
  1106 | D:1      | Found a faded altar of an unknown god.
  1111 | D:1      | Reached XP level 3. HP: 26/26 MP: 3/3
  1502 | D:2      | Reached skill level 4 in Evocations
  1502 | D:2      | Reached XP level 4. HP: 5/32 MP: 4/4
  2061 | D:2      | Reached skill level 1 in Short Blades
  2074 | D:2      | Reached skill level 1 in Maces & Flails
  2353 | D:2      | Reached XP level 5. HP: 37/37 MP: 5/5
  2610 | D:2      | Found a runed translucent door.
  2611 | D:2      | Noticed Crazy Yiuf
  2655 | D:2      | Noticed Robin
  3279 | D:3      | Found a transporter.
  3282 | D:3      | Noticed an ancient zyme
  3285 | D:3      | Noticed Peloso's ghost (amateur MiFi)
  3357 | D:3      | Found a glowing silver altar of Zin.
  3358 | D:3      | Noticed an angel
  3394 | D:3      | Found a transporter.
  3900 | D:2      | Killed Robin
  3901 | D:2      | Reached XP level 6. HP: 16/44 MP: 6/6
  4142 | D:3      | Found a shimmering altar of Xom.
  4256 | D:3      | Found a one-way gate to the infinite horrors of the Abyss.
  5130 | D:4      | Reached XP level 7. HP: 50/51 MP: 7/7
  5232 | D:4      | Reached skill level 1 in Shields
  5846 | D:4      | HP: 1/47 [orc/+0 dagger (4)]
  5847 | D:4      | Gained mutation: You tend to lose your temper in combat.
                  | [potion of mutation]
  5847 | D:4      | Gained mutation: Potions are less effective at restoring
                  | your health. [potion of mutation]
  5848 | D:4      | Slain by a goblin

Illustrated notes

Levels and vault maps discovered:
D:1:      shiori_shiawase, layout_basic, hellmonk_ecumenical_altar_lost_god,
          minivault_5
D:2:      layout_loops_ring, minmay_misc_feat_hallway,
          minmay_misc_feat_secret_circle, uniq_robin, uniq_crazy_yiuf_cottage
D:3:      layout_loops_cross, lemuel_doored_altar, zin_angel,
          gammafunk_ghost_abyssal_escape
D:4:      layout_cave_pods, st_stairs_4, serial_bayou_pond_c,
          minmay_goblin_kobold_house

Skill      XL: |  1  2  3  4  5  6  7 |
---------------+----------------------+-----
Evocations     | 4 |  4.7
Short Blades   | 1 2 3 |  3.3
Maces & Flails | 1 |  1.1
Dodging        | 2 3 |  3.6
Fighting       | 2 3 |  3.0
Shields        | 1 |  1.2
Armour         | |  2.0
Stealth        | |  1.0

Action                   |  1- 3 |  4- 6 |  7- 9 || total
-------------------------+-------+-------+-------++-------
Melee: Club              |    13 |       |       ||    13
       Dagger            |    88 |   220 |    53 ||   361
       Punch             |     2 |     7 |     1 ||    10
Evoke: Wand              |     4 |    17 |     3 ||    24
  Use: Potion            |       |       |     2 ||     2
 Stab: Sleeping          |     1 |     2 |       ||     3
       Distracted        |       |     1 |       ||     1
Armor: Leather armour    |    24 |    46 |     3 ||    73
Dodge: Dodged            |    57 |   111 |    29 ||   197
       Repelled          |       |     1 |     1 ||     2
Block: Other             |       |    30 |    10 ||    40
